 Dungeon Sprint DCSS version 0.17-a0-1262-gd250d98 (webtiles) character file.

322 nuthulu the Protected (level 6, -2/48 HPs)
             Began as a Gargoyle Fighter on June 6, 2015.
             Was a Priest of Makhleb.
             Slain by a draconian (3 damage)
             ... in the Dungeon (Sprint V: "Ziggurat Sprint").
             The game lasted 00:02:12 (538 turns).

nuthulu the Protected (Gargoyle Fighter)             Turns: 538, Time: 00:02:12

Health: -2/48      AC: 23    Str: 28    XL:     6   Next: 47%
Magic:  6/6        EV:  8    Int:  8    God:    Makhleb [***...]
Gold:   0          SH:  0    Dex:  9    Spells: 0 memorised, 5 levels left

rFire  + + +     SeeInvis .     J - +7 great mace "Firestarter" {inner flame, rF++}
rCold  . . .     Clarity  .     a - +15 Maxwell's patent armour {-Cast -Tele rElec MR+ rCorr}
rNeg   + . .     SustAt   .     (no shield)
rPois  ∞         Gourm    .     (no helmet)
rElec  +         Spirit   .     (no cloak)
rCorr  +         Warding  .     (no gloves)
rMut   .         NoTele   +     (no boots)
MR     +....     NoCast   +     (no amulet)
Stlth  ..........               o - ring of protection from fire
                                H - +6 ring of strength

@: corroded equipment, somewhat resistant to hostile enchantments, extremely
unstealthy
A: negative energy resistance 1, electricity resistance, unbreathing,
petrification resistance, rot immunity, AC +4
a: Minor Destruction, Lesser Servant of Makhleb, Renounce Religion


You were in the Dungeon.
You worshipped Makhleb.
Makhleb was most pleased with you.
You were not hungry.

You visited 1 branch

Inventory:

Hand weapons
 J - the +7 great mace "Firestarter" (weapon) {inner flame, rF++}
   (You found it in the Dungeon)

   It has been specially enchanted to burn those struck by it, causing extra
   injury to most foes and up to half again as much damage against particularly
   susceptible opponents.
   It greatly protects you from fire.
Armour
 a - the +15 Maxwell's patent armour (worn) {-Cast -Tele rElec MR+ rCorr}
   (You found it in the Dungeon)

   It insulates you from electricity.
   It affects your resistance to hostile enchantments.
   It prevents spellcasting.
   It prevents most forms of teleportation.
   It protects you from acid and corrosion.
 b - a +0 scale mail
Jewellery
 c - a +2 ring of dexterity
 o - a ring of protection from fire (right hand)
 D - a +6 ring of dexterity
 E - a +6 ring of dexterity
 F - a +6 ring of intelligence
 G - a +6 ring of intelligence
 H - a +6 ring of strength (left hand)
 I - a +6 ring of strength
Magical devices
 y - a wand of disintegration (7)
 A - a wand of fire (5)
 B - a wand of cold (5)
 C - a wand of draining (5)
Scrolls
 k - 4 scrolls of blinking
 q - 4 scrolls of amnesia
 r - 3 scrolls of recharging
 s - 7 scrolls of fog
 t - a scroll of holy word
 u - 5 scrolls of identify
 v - 5 scrolls of remove curse
 w - 2 scrolls of fear
Potions
 d - 6 potions of might
 f - 10 potions of curing
 g - 10 potions of heal wounds
 h - 6 potions of haste
 i - 7 potions of magic
 j - 3 potions of berserk rage
 l - 2 potions of brilliance
 m - 2 potions of invisibility
 n - 4 potions of resistance
 p - 5 potions of agility
Comestibles
 e - 5 bread rations
 x - 42 fruits
 z - 4 meat rations


   Skills:
 * Level 9.6 Fighting
 * Level 6.2 Maces & Flails
 * Level 9.9 Armour
 + Level 2.8 Dodging
   Level 3.2 Shields


You had 5 spell levels left.
You didn't know any spells.

Dungeon Overview and Level Annotations

Branches:
Dungeon (1/1)

Altars:
Ashenzari
Cheibriados
Dithmenos
Elyvilon
Fedhas
Gozag
Kikubaaqudgha
Makhleb
Nemelex Xobeh
Okawaru
Qazlal
Ru
Sif Muna
Trog
Vehumet
Xom
Yredelemnul
Zin
The Shining One
Beogh
Jiyva
Lugonu


Innate Abilities, Weirdness & Mutations

You are resistant to torment.
Your stone body is resilient (AC +4).
You are immune to poison.
You resist negative energy.
You are resistant to electric shocks.
You can survive without breathing.
You are immune to petrification.
You are immune to rotting.


Message History

Unknown command.
You barely miss the draconian.
The draconian is lightly wounded.
The draconian hits you but does no damage.
The draconian hits you with a club.
The draconian hits you but does no damage. x2
The yellow draconian spits acid at you. The splash of acid hits you!
You resist. The acid corrodes you!
The acid burns!
You resist.
The draconian hits you but does no damage.
You sock the draconian! You burn the draconian.
The draconian is filled with an inner flame.
The draconian is moderately wounded.
The draconian hits you.
The draconian hits you with a +0 rapier of speed.
* * * LOW HITPOINT WARNING * * *
The yellow draconian hits you with a scimitar!
* * * LOW HITPOINT WARNING * * *
The draconian hits you.
You die...

▓.†...▓.....▓.....▓
▓.....▓.%..%▓▓▓▓▓▓▓
▓▓▓▓▓▓▓▓▓▓▓▓▓▓
▓..8©8...▓
▓..))}...▓
▓...:....▓
▓........▓
▓..ddd...▓
▓.▓d@..▓.▓
▓........▓
▓▓▓▓▓▓▓▓▓▓


You could see a yellow draconian and 3 draconians.

Vanquished Creatures
  A yak (D)
  A giant frog (D)
  2 iguanas (D)
  A quasit (D)
  2 river rats (D)
  A white imp (D)
  A jackal (D)
9 creatures vanquished.

Notes
Turn   | Place    | Note
--------------------------------------------------------------
     0 | D        | nuthulu the Gargoyle Fighter began the quest for the Orb.
     0 | D        | Reached XP level 1. HP: 14/14 MP: 1/1
     0 | D        | Found a roughly hewn altar of Beogh.
     0 | D        | Found a corrupted altar of Lugonu.
     0 | D        | Found a viscous altar of Jiyva.
     0 | D        | Found a white marble altar of Elyvilon.
     0 | D        | Found a sparkling altar of Nemelex Xobeh.
     0 | D        | Found a burning altar of Makhleb.
     0 | D        | Found an iron altar of Okawaru.
     0 | D        | Found a deep blue altar of Sif Muna.
     0 | D        | Found a radiant altar of Vehumet.
     0 | D        | Found a bloodstained altar of Trog.
     0 | D        | Found a shimmering altar of Xom.
     6 | D        | Banished a spatial maelstrom
    97 | D        | Reached skill level 5 in Fighting
    97 | D        | Reached skill level 5 in Armour
    97 | D        | Reached XP level 2. HP: 18/21 MP: 2/2
   159 | D        | Became a worshipper of Makhleb the Destroyer
   163 | D        | Entered arena 1.
   163 | D        | Noticed a quasit
   169 | D        | Killed a quasit
   169 | D        | Acquired Makhleb's first power
   169 | D        | Reached skill level 6 in Armour
   169 | D        | Reached XP level 3. HP: 24/27 MP: 3/3
   208 | D        | Entered arena 2.
   208 | D        | Noticed a yak
   216 | D        | Killed a yak
   216 | D        | Reached skill level 8 in Fighting
   216 | D        | Reached skill level 5 in Maces & Flails
   216 | D        | Reached XP level 4. HP: 25/36 MP: 4/4
   216 | D        | Reached XP level 5. HP: 27/40 MP: 5/5
   221 | D        | Acquired Makhleb's second power
   420 | D        | Entered arena 3.
   420 | D        | Noticed an iguana
   420 | D        | Noticed a giant frog
   420 | D        | Noticed an iguana
   425 | D        | Killed a giant frog
   425 | D        | Reached skill level 9 in Fighting
   425 | D        | Reached XP level 6. HP: 44/46 MP: 6/6
   427 | D        | Killed an iguana
   427 | D        | Acquired Makhleb's third power
   429 | D        | Killed an iguana
   530 | D        | Entered arena 4.
   530 | D        | Noticed a draconian
   530 | D        | Noticed a yellow draconian
   530 | D        | Noticed a draconian
   530 | D        | Noticed a draconian
   538 | D        | HP: 1/48 [yellow draconian/scimitar (9)]
   538 | D        | Slain by a draconian

Vault maps used:
D:        sprint_v

Action                   |  1- 3 |  4- 6 || total
-------------------------+-------+-------++-------
Melee: Great mace        |    11 |    19 ||    30
  Use: Potion            |     1 |       ||     1
